 Dungeon Crawl Stone Soup version 0.28.0 (webtiles) character file.

Game seed: 10422654965712020246

574931 freelancePsychic the Sorcerer (level 27, -11/184 HPs)
             Began as a Djinni Summoner on Feb 6, 2022.
             Was the Champion of Hepliaklqana.
             Killed from afar by an orb of fire (41 damage)
             ... with a bolt of fire
             ... on level 5 of the Realm of Zot.
             The game lasted 02:51:19 (46198 turns).

freelancePsychic the Sorcerer (Djinni Summoner)    Turns: 46198, Time: 02:51:20

Health: -11/184    AC: 14    Str: 12    XL:     27
Gold:   3068       EV: 14    Int: 43    God:    Hepliaklqana [******] SH:  0 Dex: 24

rFire   + . .      SeeInvis .   K - staff of earth
rCold   + + .      Faith    .   E - +3 kite shield of Compression {Int+6 Dex-3}
rNeg    . . .      Spirit   .   L - +4 troll leather armour
rPois   ∞          Reflect  .   O - +2 helmet {Int+3}
rElec   .          Harm     .   V - scarf {rC+ rF+}
rCorr   +          Rampage  .   l - +2 pair of gloves {Stlth+}
Will    +++..                   (boots unavailable)
Stlth   ++++++++..              j - amulet "Lyifoed" {Will+ Regen+ rCorr MP+9 Dex+2}
HPRegen 2.00/turn               X - ring of the Morning {Ice Str+3 Dex+7}
MPRegen 0.00/turn               T - ring "Vaf Uloe" {Ice Drain Int+3 Dex+4}

@: flying, held, studying 3 skills
A: reduced essence, sickness immunity, fire resistance 2, cold vulnerability 1,
float, innate caster, HP casting, extra vitality 1, claws 1, deterioration 1,
strong 1
}: 3/15 runes: serpentine, barnacled, abyssal
a: Renounce Religion, Recall Ancestor, Ancestor Identity, Transference, Idealise


You were on level 5 of the Realm of Zot.
You worshipped Hepliaklqana.
Hepliaklqana was exalted by your worship.
You visited 10 branches of the dungeon, and saw 50 of its levels.
You visited the Abyss 2 times.
You visited 1 ziggurat, and saw 9 of its levels.
You also visited: Bailey, Ice Cave and Volcano.

You collected 6554 gold pieces.
You spent 3486 gold pieces at shops.

Inventory:

Missiles
 d - 7 throwing nets
Armour
 l - a +2 pair of gloves of stealth (worn)
 E - the +3 kite shield of Compression (worn) {Int+6 Dex-3}
   (You acquired it in a bailey)

   Int:       It affects your intelligence (+6).
   Dex:       It affects your dexterity (-3).
 L - a +4 troll leather armour (worn)
 O - a +2 helmet of intelligence (worn)
 V - a scarf of resistance (worn)
Magical Staves
 K - a staff of earth (weapon)
Jewellery
 e - the amulet of the Four Winds {rN+ Will+++ Clar}
   (You found it on level 5 of a ziggurat)

   [amulet of nothing]

   rN:        It protects you from negative energy.
   Clar:      It protects you against confusion.
   Will:      It greatly increases your willpower.
 j - the amulet "Lyifoed" (around neck) {Will+ Regen+ rCorr MP+9 Dex+2}
   (You took it off a deep elf pyromancer on level 3 of the Elven Halls)

   [amulet of regeneration]

   Dex:       It affects your dexterity (+2).
   MP:        It affects your magic capacity (+9).
   Regen:     It increases your rate of health regeneration.
   rCorr:     It protects you from acid and corrosion.
   Will:      It increases your willpower.
 r - a +6 ring of intelligence
 F - a ring of resist corrosion
 I - a ring of positive energy
 J - a ring of willpower
 N - an amulet of regeneration
 Q - an amulet of reflection
 T - the ring "Vaf Uloe" (right hand) {Ice Drain Int+3 Dex+4}
   (You found it on level 5 of a ziggurat)

   [ring of ice]

   It enhances your ice magic.
   Int:       It affects your intelligence (+3).
   Dex:       It affects your dexterity (+4).
   rF:        It makes you vulnerable to fire.
   rC:        It protects you from cold.
   Drain:     It drains your maximum health when unequipped.
 U - an amulet of the acrobat
 X - the ring of the Morning (left hand) {Ice Str+3 Dex+7}
   (You took it off a deep elf sorcerer on level 3 of the Elven Halls)

   [ring of ice]

   It enhances your ice magic.
   Str:       It affects your strength (+3).
   Dex:       It affects your dexterity (+7).
   rF:        It makes you vulnerable to fire.
   rC:        It protects you from cold.
 Y - a ring of fire
Wands
 b - a wand of paralysis (12)
 m - a wand of charming (5)
 q - a wand of polymorph (13)
 s - a wand of acid (32)
 x - a wand of iceblast (33)
 y - a wand of mindburst (28)
 P - a wand of flame (56)
 W - a wand of digging (29)
Scrolls
 a - 5 scrolls of enchant armour
 c - 15 scrolls of enchant weapon
 f - 3 scrolls of vulnerability
 i - 13 scrolls of identify {@r1}
 o - 7 scrolls of amnesia
 t - 13 scrolls of teleportation {@r4}
 u - 7 scrolls of immolation
 v - 3 scrolls of fear
 w - 4 scrolls of magic mapping
 A - 7 scrolls of silence
 C - 2 scrolls of fog
 R - 2 scrolls of holy word
Potions
 g - a potion of haste {@q3}
 h - 2 potions of invisibility
 k - 4 potions of curing {@q1}
 n - 2 potions of brilliance
 p - 3 potions of berserk rage
 z - 4 potions of might
 B - 13 potions of mutation
 D - 3 potions of lignification
 H - 6 potions of attraction
 M - 3 potions of resistance
 S - a potion of flight


   Skills:
 - Level 20.0 Fighting
 - Level 3.0 Armour
 - Level 19.6 Dodging
 - Level 16.6 Stealth
 - Level 18.0 Shields
 + Level 22.6 Spellcasting
 - Level 5.6 Invocations


You couldn't memorise any spells.
You knew the following spells:

 Your Spells              Type           Power      Damage    Failure   Level
a - Iron Shot             Conj/Erth      76%        9d14      0%          6
b - Borgnjor's Vile Clut  Necr/Erth      76%        N/A       0%          5
c - Infestation           Necr           63%        N/A       1%          8
d - Polar Vortex          Ice            89%        N/A       7%          9
e - Summon Lightning Spi  Summ/Air       100%       N/A       0%          4
f - Apportation           Tloc           100%       N/A       0%          1
g - Passwall              Tmut/Erth      100%       N/A       0%          2
h - Monstrous Menagerie   Summ           63%        N/A       1%          7
i - Summon Small Mammal   Summ           100%       N/A       0%          1
j - Silence               Hex/Air        63%        N/A       0%          5
k - Call Imp              Summ           100%       N/A       0%          2
l - Call Canine Familiar  Summ           100%       N/A       0%          3
m - Ozocubu's Armour      Ice            100%       N/A       0%          3
n - Conjure Ball Lightni  Conj/Air       63%        3x3d23    0%          6
o - Scorch                Fire           100%       2d10      0%          2
p - Summon Cactus Giant   Summ           63%        N/A       0%          6
q - Death's Door          Necr           63%        N/A       7%          9
r - Summon Guardian Gole  Hex/Summ       100%       N/A       0%          3
Your spell library was empty.

Dungeon Overview and Level Annotations

Branches:
Dungeon (15/15)            Temple (0/1) D:7            Lair (6/6) D:9
 Shoals (4/4) Lair:3        Snake (4/4) Lair:3        Slime (0/5) Lair:6
    Orc (2/2) D:9             Elf (3/3) Orc:2        Vaults (0/5) D:14
 Depths (4/4) D:15           Hell (visited)             Dis (6/7) Hell
    Geh (0/7) Hell            Coc (0/7) Hell            Tar (0/7) Hell
    Zot (5/5) Depths:4     Bailey (visited)           IceCv (visited)
Volcano (visited)

Altars:
Ashenzari
Cheibriados
Dithmenos
Elyvilon
Fedhas
Hepliaklqana
Kikubaaqudgha
Ru
Sif Muna
Trog
Uskayaw
Xom
Zin

Shops:
D:5 ?*=[   D:12 =:[   Orc:2 =*[!   Elf:1 (:[   Shoals:1 *   Snake:2 ::=
Depths:2 :

Portals:
Hell: Depths:1 Depths:2 Depths:3 Depths:4
Abyss: Depths:2 Depths:3
Pandemonium: Depths:1 Depths:2 Depths:4
Bazaar: D:12

Annotations:
D:6 exclusion: downstairs
D:7 1 runed translucent door, Crazy Yiuf
D:14 2 runed translucent doors
Depths:1 exclusion: caustic shrike


Innate Abilities, Weirdness & Mutations

Your life essence is reduced to manifest your ancestor. (-10% HP)
You are immune to sickness and miasma.
You are immune to poison.
Your flesh is very heat resistant. (rF++)
You are vulnerable to cold. (rC-)
You float through the air rather than walking.
You learn spells naturally, not from books.
Your magical power is your life essence.
You have superior vitality. (+4 MHP)
You have sharp fingernails.
Your body sometimes deteriorates upon taking damage.
Your muscles are strong. (Str +2)


Message History

Jeannie closely misses the orb of fire.
Casting: Iron Shot (safe; 0% risk of failure)
Confirm with . or Enter, or press ? or * to list all spells.
Aiming: Iron Shot (safe; 0% risk of failure)
Press: ? - help, Shift-Dir - straight line, f/p - orb of fire
Aim: an orb of fire (whirling frost, lightly damaged, ally target, 61% to hit)
You feel a surge of power!
The iron shot misses the orb of fire.
You kill the golden dragon!
The orb of fire glows bright magenta.
The bolt of fire hits you!!! You resist.
* * * LOW HITPOINT WARNING * * *
Jeannie barely misses the orb of fire.
Okay, then.
Okay, then.
Okay, then.
Blink to where?
Press: ? - help, Dir - move target, p - orb of fire
As you read the scroll of blinking, it crumbles to dust.
The orb of fire emits a lurid red light.
Strange energies course through your body.
You feel yourself wasting away.
Jeannie barely misses the orb of fire.
Jeannie hits the orb of fire with a +0 broad axe of speed!
The winds around you start to calm down.
Really fly into that net trap?
You become entangled in the net!
You are engulfed in whirling frost.
There is a net trap here.
You see here a throwing net.
You struggle against the net.
You are engulfed in whirling frost.
You struggle against the net.
As you read the scroll of summoning, it crumbles to dust.
Wisps of shadow whirl around you... The winds around you calm down.
You struggle against the net.
Jeannie hits the orb of fire with a +0 broad axe of speed!
Your moth of wrath goads your tentacled monstrosity on!
Your tentacled monstrosity goes berserk!
The orb of fire glows deep purple.
The bolt of fire hits you!!! You resist.
You die...

...........## #.R.§.............
?..........# #.................
...........## #.................
............# #..(..............
....^....^..## #.....†...........
........^...=###............^....
###########..^###.....^.........^
# ##...y##R.....)...)....
###..@*X........[..^..
#▓▓▓▓▓▓▓▓▓▓▓##.....▓
****^,,,,,,,.†.[...
***,,,,,,^,,,...)....
**,,^,,,,,,,,......... *********
*,,,,,,,,,,,..........
**,,,,,,,***,,,,,,,,,,..^......^.
*,,,,,,,,,**,,,,,,,,,^......^.^..
,,,,,,,,,,,*,,,,,,,,,,,,,,,,,,,,,


You could see the friendly Jeannie the knight, an orb of fire (ally target), a
friendly tentacled monstrosity (summoned, berserk) and a friendly moth of wrath
(summoned).

Vanquished Creatures
  3 dread liches
  5 orbs of fire
  2 ancient liches (Zot:5)
  3 juggernauts
  A pandemonium lord (Zig:1)
  A Killer Klown (Zig:7)
  Frederick (Depths:3)
  Saint Roka (Depths:2)
  4 curse toes
  8 caustic shrikes
  Geryon (Hell)
  the Enchantress (Depths:1)
  5 golden dragons
  A profane servitor (Abyss:3)
  A bone dragon (Abyss:1)
  A Tzitzimitl (Hell)
  2 hellephants (Depths:3)
  2 iron giants
  2 doom hounds (Hell)
  An electric golem (Zot:4)
  2 walking crystal tomes (Depths:4)
  11 tentacled monstrosities
  A walking frostbound tome (Depths:4)
  Mlioglotl (Snake:4)
  A titan (Zig:2)
  A quicksilver dragon (Zot:5)
  3 Hell Sentinels
  9 Orb Guardians (Zot:5)
  A walking divine tome (Depths:4)
  5 death cobs
  3 tentacled starspawn
  4 ancient champions
  2 sphinxes (Depths:4)
  3 shadow dragons
  4 tengu reavers
  6 storm dragons
  3 draconian monks
  4 deep elf sorcerers
  An orc warlord (Orc:2)
  An angel (Abyss:4)
  9 fire giants
  A draconian knight (Zot:1)
  9 frost giants
  2 balrugs
  3 iron dragons (Depths:4)
  Aizul (Snake:4)
  3 quicksilver elementals
  2 cacodemons
  A shard shrike simulacrum (Hell)
  4 draconian scorchers
  5 draconian shifters
  Louise (Depths:3)
  2 deep elf elementalists (Elf:3)
  2 draconian stormcallers
  6 stone giants
  4 war gargoyles
  6 draconian annihilators
  12 very ugly things
  2 reapers (Hell)
  7 spriggan defenders
  2 ophanim (Abyss:4)
  11 green draconians
  An elemental wellspring (Hell)
  7 starcursed masses
  An eleionoma (shapeshifter) (Zig:7)
  8 white draconians
  A vampire knight (Depths:4)
  4 black draconians
  2 red draconians
  5 yellow draconians
  4 deep elf demonologists
  A wendigo (Hell)
  13 purple draconians
  6 spark wasps
  4 deep elf annihilators (Elf:3)
  3 lorocyprocas
  7 ettins
  6 deep elf death magi
  13 iron golems
  4 fire dragons
  Josephine (Lair:5)
  11 great orbs of eyes
  6 spriggan air magi
  A rakshasa (Depths:2)
  4 naga warriors
  A caustic shrike simulacrum (Abyss:1)
  2 salamander tyrants (Snake:4)
  4 ice dragons
  3 hydras
  A spriggan skeleton (Abyss:3)
  A centaur warrior (D:15)
  A satyr (Shoals:4)
  6 anacondas
  A merfolk avatar (Shoals:1)
  A death knight (D:13)
  17 dancing weapons
  5 deep troll shamans
  5 deep troll earth magi
  4 death yaks
  3 vampire magi
  2 tengu warriors
  3 shock serpents
  4 naga sharpshooters
  4 orc high priests
  8 thrashing horrors
  3 spriggan berserkers
  4 hell hogs (Depths:3)
  Sonja (Lair:5)
  4 hell knights
  5 sun demons
  2 salamander mystics (Snake:4)
  8 deep elf knights
  3 soul eaters
  A sea snake (Shoals:2)
  2 sixfirhies (Abyss:1)
  10 wretched stars
  3 crystal echidnas
  6 iron trolls
  A spatial maelstrom (Abyss:1)
  2 flayed ghosts
  A death drake (Abyss:3)
  A cherub (Abyss:4)
  4 deep trolls (Depths:3)
  4 glowing orange brains
  3 lindwurms
  A wizard (Depths:2)
  An obsidian statue (Zig:2)
  2 harpies (Shoals:4)
  6 deep elf archers
  A wolf spider zombie (D:15)
  5 necromancers
  7 orc sorcerers
  18 deep elf pyromancers
  18 ugly things
  3 orc knights
  16 deep elf zephyrmancers
  3 mana vipers
  A will-o-the-wisp (Abyss:3)
  3 fauns (Shoals:1)
  4 cyclopes
  2 manticores
  A worldbinder (Abyss:3)
  4 salamanders
  8 black mambas
  6 moths of wrath
  A gargoyle (D:13)
  A torpor snail (Lair:6)
  4 elephants (Lair:4)
  4 rust devils
  An apocalypse crab (Abyss:3)
  A water nymph (Shoals:1)
  2 molten gargoyles (Lair:6)
  4 guardian serpents
  2 ice statues
  6 naga magi
  6 cane toads
  6 smoke demons
  5 orange demons
  2 rime drakes
  A demonic crawler (Hell)
  3 hellwings
  2 efreet
  2 hellions
  2 tormentors
  A red devil (Depths:1)
  6 ancient zymes
  6 komodo dragons
  3 tengu conjurers
  8 trolls
  3 ice devils
  2 guardian mummies (Zig:5)
  3 merfolk
  An anaconda simulacrum (Hell)
  A polar bear (shapeshifter) (D:13)
  7 polar bears
  A wind drake (Lair:3)
  17 raiju
  5 hornets
  16 large abominations
  3 blink frogs (Abyss:1)
  A human simulacrum (Abyss:3)
  5 dream sheep
  A centaur simulacrum (D:15)
  A snapping turtle (Shoals:1)
  2 air elementals
  7 flying skulls
  A wraith (Lair:5)
  4 spriggans
  3 water elementals (Elf:1)
  2 ynoxinuls
  A fire elemental (Elf:2)
  4 hogs (D:14)
  32 yaks
  A vampire (Abyss:1)
  3 wyverns
  5 fire bats
  An ushabti (Zig:5)
  5 chaos spawn
  8 basilisks
  A steam dragon (Lair:6)
  13 small abominations
  3 neqoxecs
  Grum (D:10)
  2 vampire mosquitoes (D:15)
  2 wargs
  A harpy simulacrum (Hell)
  9 nagas
  An acid dragon (D:13)
  7 water moccasins
  7 hell hounds
  A swamp drake (D:9)
  22 orc warriors
  3 black bears
  A black mamba simulacrum (Hell)
  4 ogres (Orc:2)
  18 wolves
  3 boggarts (D:15)
  5 centaurs
  22 bullfrogs
  A cane toad simulacrum (D:13)
  A two-headed ogre simulacrum (D:13)
  2 earth elementals
  7 wights (D:9)
  4 electric eels (Bailey)
  3 crimson imps (Abyss:3)
  5 jellies
  A bullfrog zombie (D:6)
  A hound (D:4)
  An iron imp (Abyss:3)
  2 orc priests
  6 orc wizards
  9 hell rats
  A troll simulacrum (D:13)
  A mummy (Zig:5)
  3 naga simulacra (D:13)
  2 white imps
  An adder skeleton (D:4)
  A worm (D:9)
  2 dart slugs
  34 orcs
  2 bats (D:3)
  4 endoplasms
  2 giant cockroaches
  5 hobgoblins
  A jackal (D:1)
  2 ball pythons
  2 goblins
  2 kobolds (D:2)
  A rat (D:3)
  A fire vortex (Hell)
  4 starspawn tentacles (Abyss:3)
1039 creatures vanquished.

Vanquished Creatures (collateral kills)
  A juggernaut (Depths:3)
  2 Killer Klowns (Zig:7)
  3 caustic shrikes
  Vashnia (Snake:4)
  Nikola (Snake:4)
  2 doom hounds (Hell)
  An iron giant (Hell)
  A walking earthen tome (Depths:2)
  2 Orb Guardians (Zot:5)
  2 tentacled monstrosities
  4 liches
  A quicksilver dragon (Zot:3)
  2 deep elf master archers (Elf:3)
  An acid blob (Zig:4)
  2 deep elf blademasters (Elf:3)
  A tentacled starspawn (Abyss:3)
  3 sphinxes
  3 ancient champions
  Kirke (D:14)
  Agnes (D:14)
  2 tengu reavers
  A storm dragon (Zot:4)
  A draconian monk (Zig:8)
  A frost giant (Depths:2)
  2 deep elf sorcerers (Elf:3)
  A fire giant (Depths:3)
  An iron dragon (Hell)
  A quicksilver elemental (Dis:3)
  A ghost moth (Zot:4)
  2 draconian stormcallers
  2 reapers (Hell)
  A deep elf elementalist (Elf:3)
  9 very ugly things
  A war gargoyle (Dis:1)
  2 draconian shifters
  2 draconian annihilators
  2 spriggan defenders
  A vampire knight (Depths:2)
  Nessos (D:12)
  4 stone giants
  2 white draconians
  4 deep elf annihilators
  2 green draconians (Zig:8)
  3 black draconians
  Azrael (D:14)
  A purple draconian (Zig:8)
  A minotaur (Shoals:4)
  Snorg (D:10)
  An ettin (Zig:2)
  A yellow draconian (Zot:5)
  5 deep elf death magi
  3 iron golems
  2 fire dragons
  A mummy priest (Zig:5)
  4 merfolk impalers
  A deep elf high priest (Elf:3)
  2 hydras
  3 ice dragons
  A salamander tyrant (Snake:4)
  A spriggan air mage (Depths:2)
  Harold (D:7)
  2 ironbound frosthearts (IceCv)
  3 naga warriors
  3 two-headed ogres
  5 centaur warriors
  A hell beast (Hell)
  6 anacondas
  12 dancing weapons
  6 satyrs (Shoals:4)
  2 death yaks (Lair:3)
  An alligator snapping turtle (Shoals:4)
  4 tengu warriors
  2 thrashing horrors (Zig:9)
  A deep troll earth mage (Depths:3)
  4 hell hogs (Depths:3)
  A vampire mage (Depths:4)
  2 shock serpents (Snake:4)
  A spriggan berserker (Depths:2)
  An orc high priest (Orc:2)
  A hell knight (Depths:4)
  2 sun demons (Hell)
  6 naga sharpshooters
  8 deep elf knights
  2 iron trolls
  2 skeletal warriors (D:11)
  2 wretched stars (Abyss:3)
  6 salamander mystics
  3 sea snakes (Shoals:4)
  A spatial maelstrom (Zig:9)
  A cherub (Abyss:4)
  3 naga ritualists
  4 deep elf archers
  3 lindwurms (Snake:4)
  A glowing orange brain (Depths:4)
  2 wizards
  A phantasmal warrior (D:13)
  5 orc knights
  A necromancer (D:15)
  9 deep elf zephyrmancers
  An obsidian statue (Zig:2)
  7 harpies (Shoals:4)
  2 orc sorcerers
  8 deep elf pyromancers
  8 ugly things
  6 mana vipers (Snake:4)
  2 cyclopes
  4 manticores
  6 fauns
  4 large abominations
  2 worldbinders
  4 elephants
  2 rust devils (Hell)
  18 black mambas
  3 guardian serpents
  An apocalypse crab (Abyss:3)
  2 orange demons
  A guardian serpent (shapeshifter) (Zig:7)
  3 naga magi
  2 water nymphs
  A merfolk siren (Shoals:4)
  An ice statue (Zig:2)
  2 smoke demons (Zig:9)
  An eye of devastation (Zig:4)
  Maggie (D:8)
  A cane toad (Lair:6)
  An unseen horror (shapeshifter) (D:14)
  2 unseen horrors
  An efreet (D:15)
  A kobold demonologist (Bailey)
  3 ancient zymes
  A komodo dragon (Lair:5)
  Psyche (D:8)
  An anaconda simulacrum (Hell)
  A rime drake (Lair:6)
  A meliai (shapeshifter) (Zig:6)
  A troll (D:12)
  2 hellwings (Abyss:3)
  2 guardian mummies (Zig:5)
  4 polar bears
  2 wind drakes
  2 red devils (Hell)
  10 merfolk
  Grinder (D:5)
  5 raiju
  2 blink frogs (Abyss:1)
  10 slime creatures
  A hornet (Depths:3)
  A snapping turtle (Shoals:4)
  2 dream sheep (Shoals:4)
  6 flying skulls
  3 spriggans
  A vampire (D:11)
  7 wraiths
  2 shadows
  2 ynoxinuls
  17 yaks
  6 fire elementals
  A fire bat (Lair:6)
  An ushabti (Zig:5)
  4 water elementals
  2 wyverns (Lair:6)
  3 hogs (D:14)
  2 chaos spawn
  A steam dragon (Lair:6)
  A basilisk (Lair:6)
  A warg (Orc:1)
  8 nagas
  7 water moccasins
  4 hell hounds (D:14)
  A water moccasin (shapeshifter) (Zig:7)
  A floating eye (Zig:4)
  21 orc warriors
  A necrophage (D:8)
  7 wolves
  A boggart (D:15)
  3 ogres
  7 centaurs
  2 phantoms (D:6)
  A kobold brigand (D:9)
  A two-headed ogre simulacrum (D:13)
  2 gnoll sergeants (D:11)
  4 scorpions
  5 bullfrogs
  9 small abominations
  A water moccasin skeleton (D:5)
  10 killer bees
  9 wights
  A howler monkey (D:9)
  4 electric eels (Bailey)
  2 crimson imps (Abyss:3)
  5 lava snakes (Lair:6)
  3 jellies
  6 starcursed masses
  6 centaur zombies
  4 hounds
  A bullfrog skeleton (D:6)
  A gnoll shaman (D:7)
  9 orc priests
  3 centaur skeletons
  An iguana (D:7)
  An iron imp (Abyss:3)
  A scorpion zombie (D:5)
  19 orc wizards
  A polar bear simulacrum (D:13)
  Robin (D:3)
  A howler monkey zombie (D:9)
  2 mummies (Zig:5)
  15 gnolls
  A howler monkey skeleton (D:6)
  2 adders
  A shadow imp (D:7)
  2 white imps (Abyss:3)
  An ufetubus (Abyss:3)
  A worm (D:2)
  A dart slug (D:2)
  57 orcs
  7 ball pythons
  6 endoplasms
  4 giant cockroaches
  18 goblins
  16 hobgoblins
  5 jackals (D:1)
  11 kobolds
  2 quokkas (D:2)
  2 bats (D:1)
  2 frilled lizards
  4 rats
  A plant (Shoals:1)
781 creatures vanquished.

Vanquished Creatures (others)
  2 quicksilver elementals (Dis:4)
  A draconian stormcaller (Zig:3)
  A stone giant (Depths:1)
  A spark wasp (Depths:1)
  A centaur warrior (D:14)
  An orc high priest (Orc:2)
  A naga sharpshooter (Snake:1)
  2 skeletal warriors (D:11)
  A deep elf archer (Elf:3)
  An orc knight (Bailey)
  Maurice (D:8)
  Joseph (D:8)
  2 slime creatures
  A golden eye (Abyss:3)
  4 orc warriors
  An ogre (D:5)
  A two-headed ogre simulacrum (Hell)
  A water moccasin skeleton (D:5)
  20 knights
  A goblin (D:8)
  11 demonic plants (Abyss:3)
  2 fire vortices (Hell)
  2 foxfires (Abyss:3)
  44 fungi
  A lurking horror (Abyss:1)
  69 plants
  10 starspawn tentacles
184 creatures vanquished.

Grand Total: 2004 creatures vanquished

Notes
Turn   | Place    | Note
-------+----------+-------------------------------------------
     0 | D:1      | freelancePsychic the Djinni Summoner began the quest for
                  | the Orb.
     0 | D:1      | Reached XP level 1. HP: 15/15 MP: 0/0
   286 | D:1      | Reached XP level 2. HP: 16/22 MP: 0/0
   870 | D:1      | Reached skill level 1 in Fighting
  1287 | D:1      | Reached XP level 3. HP: 19/27 MP: 0/0
  1287 | D:1      | Learned a level 1 spell: Apportation
  2138 | D:2      | Noticed a scorpion
  2148 | D:2      | Killed a scorpion
  2149 | D:2      | Reached skill level 4 in Spellcasting
  2149 | D:2      | Reached XP level 4. HP: 26/33 MP: 0/0
  2154 | D:2      | Reached XP level 5. HP: 31/38 MP: 0/0
  2154 | D:2      | Learned a level 2 spell: Passwall
  2551 | D:2      | Found a hazy altar of Hepliaklqana.
  2600 | D:2      | Became a worshipper of Hepliaklqana the Forgotten
  2724 | D:2      | Found a faded altar of an unknown god.
  3100 | D:3      | Found a broken altar of Ashenzari.
  3259 | D:3      | Found a shimmering altar of Xom.
  3607 | D:3      | Reached * piety under Hepliaklqana
  3957 | D:3      | Identified the +1 helmet of Xofua {Drain rPois Str+5}
  3957 | D:3      | Noticed Robin
  3964 | D:3      | Killed Robin
  3965 | D:3      | Reached XP level 6. HP: 18/40 MP: 0/0
  4167 | D:3      | You are sucked into a shaft and drop 2 floors!
  4167 | D:5      | Entered Level 5 of the Dungeon
  4167 | D:5      | Noticed an ogre
  4176 | D:5      | Killed an ogre
  4177 | D:5      | Reached skill level 5 in Spellcasting
  4274 | D:5      | Found Ysaom's Antique Armour Shop.
  4282 | D:5      | Bought a cloak for 94 gold pieces
  4333 | D:5      | Noticed Grinder
  5150 | D:4      | Reached XP level 7. HP: 45/45 MP: 0/0
  5150 | D:4      | Learned a level 2 spell: Scorch
  5348 | D:4      | Found a bloodstained altar of Trog.
  5605 | D:5      | Killed Grinder
  5652 | D:5      | Found Zonocsya's Jewellery Emporium.
  5658 | D:5      | Found Uluafuga's General Store.
  5690 | D:5      | Reached skill level 6 in Spellcasting
  5727 | D:5      | Bought a scroll of teleportation for 42 gold pieces
  5749 | D:5      | Reached XP level 8. HP: 41/52 MP: 0/0
  5896 | D:5      | Found Weusure's Magic Scroll Shop.
  5899 | D:5      | Bought a scroll of fear for 49 gold pieces
  5899 | D:5      | Bought a scroll of magic mapping for 49 gold pieces
  5920 | D:5      | Reached skill level 5 in Fighting
  6037 | D:5      | Found a white marble altar of Elyvilon.
  6194 | D:5      | Reached ** piety under Hepliaklqana
  6195 | D:5      | Remembered your ancestor Jeannie as a knight
  6585 | D:6      | Found a blossoming altar of Fedhas.
  6739 | D:6      | Reached skill level 7 in Spellcasting
  6806 | D:6      | Reached XP level 9. HP: 42/58 MP: 0/0
  6806 | D:6      | Learned a level 3 spell: Ozocubu's Armour
  6874 | D:6      | Noticed a cyclops
  6883 | D:6      | Killed a cyclops
  7195 | D:6      | Found a glowing drain.
  7383 | D:7      | Noticed Harold
  7398 | D:7      | Reached skill level 8 in Spellcasting
  7507 | D:7      | Killed Harold
  7508 | D:7      | Reached skill level 5 in Dodging
  7508 | D:7      | Reached XP level 10. HP: 21/65 MP: 0/0
  8260 | D:7      | Found a staircase to the Ecumenical Temple.
  8436 | D:7      | Found a runed translucent door.
  8437 | D:7      | Noticed Crazy Yiuf
  8772 | D:8      | Noticed Joseph
  8786 | D:8      | Killed Joseph
  8787 | D:8      | Reached skill level 9 in Spellcasting
  8795 | D:8      | Killed Maurice
  8802 | D:8      | Found a flagged portal.
  8915 | Bailey   | Entered a bailey
  9205 | Bailey   | Noticed an orc knight
  9221 | Bailey   | Killed an orc knight
  9602 | Bailey   | Noticed an orc knight
  9622 | Bailey   | Killed an orc knight
  9705 | Bailey   | Reached XP level 11. HP: 66/72 MP: 0/0
  9705 | Bailey   | Learned a level 5 spell: Silence
  9908 | Bailey   | Acquired the +3 kite shield of Compression {Int+6 Dex-3}
  9959 | Bailey   | Found an iron altar of Okawaru.
  9960 | Bailey   | Noticed an orc sorcerer
  9979 | Bailey   | Noticed a soul eater
  9986 | Bailey   | Killed an orc sorcerer
  9987 | Bailey   | Reached skill level 1 in Shields
  9991 | Bailey   | Reached skill level 10 in Spellcasting
 10061 | Bailey   | Identified the +9 chain mail of Lifelessness {Stlth+}
 10479 | Bailey   | Noticed an orc knight
 10502 | Bailey   | Killed an orc knight
 10677 | D:8      | Noticed Maggie
 10686 | D:8      | Killed Maggie
 10870 | D:8      | Found a sacrificial altar of Ru.
 10893 | D:8      | Reached *** piety under Hepliaklqana
 11210 | D:8      | Noticed Psyche
 11212 | D:8      | Killed Psyche
 11613 | D:8      | Identified the +3 whip of the Unseen Realm {vorpal, Int+3}
 11708 | D:9      | Found a staircase to the Lair.
 12108 | D:9      | Noticed a two-headed ogre
 12115 | D:9      | Killed a two-headed ogre
 12596 | D:9      | Found a glowing silver altar of Zin.
 12700 | D:9      | Found a snail-covered altar of Cheibriados.
 12738 | D:10     | Entered Level 10 of the Dungeon
 13038 | D:10     | Reached skill level 11 in Spellcasting
 13038 | D:10     | Reached XP level 12. HP: 81/81 MP: 0/0
 13221 | D:10     | Reached **** piety under Hepliaklqana
 13266 | D:10     | Noticed Grum
 13276 | D:10     | Killed Grum
 13334 | D:10     | Noticed Snorg
 13346 | D:10     | Killed Snorg
 13481 | D:10     | Identified the +5 ring mail of Hishood {rPois rC- rCorr
                  | Int+4}
 13691 | D:11     | Reached skill level 5 in Shields
 13863 | D:11     | Noticed a skeletal warrior
 13863 | D:11     | Noticed a skeletal warrior
 13880 | D:11     | Noticed a skeletal warrior
 13884 | D:11     | Noticed a skeletal warrior
 13884 | D:11     | Killed a skeletal warrior
 13884 | D:11     | Killed a skeletal warrior
 13885 | D:11     | Reached skill level 10 in Fighting
 13888 | D:11     | Killed a skeletal warrior
 13917 | D:11     | Killed a skeletal warrior
 14136 | D:11     | Reached ***** piety under Hepliaklqana
 14735 | D:12     | Found Moymeshru's Jewellery Boutique.
 14738 | D:12     | Bought an amulet of regeneration for 450 gold pieces
 14751 | D:12     | Found a gateway to a bazaar.
 14765 | D:12     | Noticed a two-headed ogre
 14776 | D:12     | Killed a two-headed ogre
 14808 | D:12     | Noticed Nessos
 14829 | D:12     | Killed Nessos
 14830 | D:12     | Reached skill level 12 in Spellcasting
 14999 | D:12     | Found Nusug's Book Shop.
 15151 | D:12     | Found Faob's Antique Armour Shoppe.
 15155 | D:12     | Bought a shiny helmet for 180 gold pieces
 15396 | Lair:1   | Entered Level 1 of the Lair of Beasts
 15405 | Lair:1   | Reached XP level 13. HP: 65/70 MP: 0/0
 15405 | Lair:1   | Learned a level 5 spell: Borgnjor's Vile Clutch
 16973 | Lair:3   | Reached ****** piety under Hepliaklqana
 17031 | Lair:3   | Found a staircase to the Shoals.
 17291 | Lair:3   | Found a staircase to the Snake Pit.
 17430 | Lair:3   | You are sucked into a shaft and drop 2 floors!
 17844 | Lair:4   | Reached skill level 5 in Stealth
 17880 | Lair:4   | Reached skill level 13 in Spellcasting
 17884 | Lair:4   | Reached XP level 14. HP: 60/94 MP: 0/0
 18779 | Lair:5   | Noticed Josephine
 18789 | Lair:5   | Killed Josephine
 19240 | Lair:5   | Noticed Sonja
 19245 | Lair:5   | Killed Sonja
 19421 | Lair:6   | Entered Level 6 of the Lair of Beasts
 19465 | Lair:6   | Found a dark tunnel.
 19475 | Volcano  | Entered a volcano
 19503 | Volcano  | Noticed a stone giant
 19507 | Volcano  | Killed a stone giant
 19812 | Lair:6   | Found a staircase to the Slime Pits.
 19873 | Lair:6   | Identified the +5 great mace of Amorality {holy, Int+4}
 20095 | Lair:6   | Found a large runed translucent door.
 20095 | Lair:6   | Found a large runed translucent door.
 20936 | D:9      | Found a staircase to the Orcish Mines.
 21011 | Orc:1    | Entered Level 1 of the Orcish Mines
 21027 | D:9      | Reached XP level 15. HP: 62/101 MP: 0/0
 21027 | D:9      | Learned a level 6 spell: Summon Cactus Giant
 21061 | Orc:1    | Reached skill level 14 in Spellcasting
 21381 | Orc:2    | Entered Level 2 of the Orcish Mines
 21384 | Orc:2    | Noticed an orc warlord
 21396 | Orc:2    | Killed an orc warlord
 21469 | Orc:2    | Found Oskuxzik's Antique Weapon Emporium.
 21475 | Orc:2    | Reached skill level 10 in Shields
 21524 | Orc:2    | Found a staircase to the Elven Halls.
 21525 | Orc:2    | Found Sitejoih's General Store.
 21547 | Orc:2    | Bought a +1 pair of gloves for 161 gold pieces
 21604 | Orc:2    | Found Simm's Jewellery Shop.
 21621 | Orc:2    | Bought a ring of protection from cold for 350 gold pieces
 21729 | Orc:2    | Found Jofaam's Antique Armour Shop.
 21783 | Orc:2    | Found Orchiarr's Distillery.
 22589 | D:13     | Found a frozen archway.
 22610 | IceCv    | Entered an ice cave
 23053 | IceCv    | Identified the +5 leather armour of Privacy {rPois SInv}
 23186 | IceCv    | Found the +7 lajatang of Order {silver, rMut}
 23456 | D:13     | Reached XP level 16. HP: 108/108 MP: 0/0
 24042 | D:14     | Found a large runed translucent door.
 24042 | D:14     | Found a large runed translucent door.
 24163 | D:14     | Found a gate to the Vaults.
 24216 | D:14     | Noticed Azrael
 24222 | D:14     | Killed Azrael
 24385 | D:14     | Noticed Kirke
 24394 | D:14     | Killed Kirke
 24435 | D:14     | Noticed Agnes
 24441 | D:14     | Killed Agnes
 24716 | D:15     | Entered Level 15 of the Dungeon
 25011 | D:15     | Found a blossoming altar of Fedhas.
 25134 | D:15     | Found a staircase to the Depths.
 25699 | Elf:1    | Entered Level 1 of the Elven Halls
 25708 | Elf:1    | Reached skill level 15 in Spellcasting
 25828 | Elf:1    | Found Qenicri's Book Shop.
 25830 | Elf:1    | Paralysed by an air elemental for 1 turns
 25833 | Elf:1    | Paralysed by an air elemental for 1 turns
 25835 | Elf:1    | Paralysed by an air elemental for 1 turns
 25900 | Elf:1    | Found Jux Qaxa's Weapon Shoppe.
 25960 | Elf:1    | Found Waygois's Antique Armour Boutique.
 25972 | Elf:1    | Bought a scorched scale mail for 351 gold pieces
 25972 | Elf:1    | Identified the +7 scale mail "Wagriyss" {Int-4 Dex+3
                  | Slay+6} (You bought it in a shop on level 1 of the Elven
                  | Halls)
 26118 | Elf:1    | Reached XP level 17. HP: 107/117 MP: 0/0
 26118 | Elf:1    | Learned a level 6 spell: Iron Shot
 26119 | Elf:1    | Reached skill level 10 in Stealth
 26980 | Elf:2    | Found a runed translucent gate.
 26981 | Elf:2    | Found a runed translucent gate.
 26981 | Elf:2    | Found a runed translucent gate.
 27020 | Elf:2    | Reached skill level 15 in Fighting
 27323 | Elf:3    | Entered Level 3 of the Elven Halls
 27406 | Elf:3    | Reached skill level 10 in Dodging
 28273 | Depths:1 | Entered Level 1 of the Depths
 28334 | Depths:1 | Found a one-way gate leading to the halls of Pandemonium.
 28359 | Depths:1 | Noticed a caustic shrike
 28534 | Depths:1 | Reached XP level 18. HP: 54/124 MP: 0/0
 28577 | Depths:1 | Found a hide-covered altar of Uskayaw.
 28578 | Depths:1 | Identified the +3 morningstar of Nemelex Xobeh's Grace
                  | {pain, rCorr}
 28725 | Depths:1 | Found a gateway to Hell.
 28732 | Depths:1 | Paralysed by a great orb of eyes for 5 turns
 29082 | Depths:1 | Noticed a golden dragon
 29091 | Depths:1 | Killed a golden dragon
 29165 | Depths:1 | Noticed a lich
 29170 | Depths:1 | Killed a lich
 29518 | Depths:2 | Reached skill level 1 in Armour
 29589 | Depths:2 | Noticed Saint Roka
 29605 | Depths:2 | Killed Saint Roka
 29711 | Depths:2 | Found a one-way gate to the infinite horrors of the Abyss.
 29736 | Depths:2 | Noticed the Enchantress
 29937 | Depths:2 | Reached skill level 16 in Spellcasting
 29999 | Depths:2 | Found a one-way gateway to a ziggurat.
 30157 | Depths:2 | Found Mobuito's Book Boutique.
 30160 | Depths:2 | Bought a manual of Stealth for 1600 gold pieces
 30608 | Depths:2 | Noticed a caustic shrike
 30617 | Depths:2 | Reached XP level 19. HP: 123/130 MP: 0/0
 30617 | Depths:2 | Learned a level 6 spell: Conjure Ball Lightning
 30623 | Depths:2 | Killed a caustic shrike
 30630 | Depths:2 | Noticed a walking earthen tome
 30638 | Depths:2 | Killed a walking earthen tome
 30962 | Depths:3 | Noticed Frederick
 30966 | Depths:3 | Killed Frederick
 31022 | Depths:3 | Noticed Louise
 31035 | Depths:3 | Killed Louise
 31194 | Depths:3 | Noticed a caustic shrike
 31199 | Depths:3 | Killed a caustic shrike
 31223 | Depths:3 | Identified the +3 robe "Huvem" {Str+2 Int+4}
 31493 | Depths:3 | Noticed a juggernaut
 31499 | Depths:3 | Killed a juggernaut
 31500 | Depths:3 | Reached skill level 15 in Stealth
 31507 | Depths:3 | Noticed a caustic shrike
 31514 | Depths:3 | Killed a caustic shrike
 31563 | Depths:3 | Reached skill level 17 in Spellcasting
 31654 | Depths:3 | Noticed a juggernaut
 31667 | Depths:3 | Killed a juggernaut
 32182 | Depths:3 | Noticed a hellephant
 32184 | Depths:3 | Noticed a hellephant
 32197 | Depths:3 | Reached XP level 20. HP: 113/135 MP: 0/0
 32209 | Depths:3 | Killed a hellephant
 32213 | Depths:3 | Killed a hellephant
 32283 | Depths:4 | Entered Level 4 of the Depths
 32823 | Depths:4 | Found a gate to the Realm of Zot.
 32887 | Depths:4 | Found a shadowy altar of Dithmenos.
 32887 | Depths:4 | Found a snail-covered altar of Cheibriados.
 32888 | Depths:4 | Found a bloodstained altar of Trog.
 33038 | Depths:4 | Noticed a tentacled monstrosity
 33041 | Depths:4 | Noticed a tentacled monstrosity
 33067 | Depths:4 | Killed a tentacled monstrosity
 33070 | Depths:4 | Killed a tentacled monstrosity
 33192 | Depths:4 | Noticed a caustic shrike
 33197 | Depths:4 | Killed a caustic shrike
 33222 | Depths:4 | Noticed a tentacled monstrosity
 33237 | Depths:4 | Killed a tentacled monstrosity
 33378 | Depths:4 | Noticed a juggernaut
 33393 | Depths:4 | Noticed a tentacled monstrosity
 33400 | Depths:4 | Identified the +11 dagger of Botipopp {freeze, rPois rC+
                  | rN+}
 33401 | Depths:4 | Noticed a golden dragon
 33421 | Depths:4 | Killed a tentacled monstrosity
 33477 | Depths:4 | Killed a juggernaut
 33478 | Depths:4 | Reached skill level 18 in Spellcasting
 33478 | Depths:4 | Reached XP level 21. HP: 127/144 MP: 0/0
 33478 | Depths:4 | Learned a level 7 spell: Monstrous Menagerie
 33481 | Depths:4 | Killed a golden dragon
 33740 | Depths:4 | Noticed a caustic shrike
 33746 | Depths:4 | Killed a caustic shrike
 33878 | Depths:4 | Noticed a golden dragon
 33881 | Depths:4 | Killed a golden dragon
 34165 | Depths:1 | Killed the Enchantress
 34200 | Depths:2 | Voluntarily entered the Abyss.
 34305 | Abyss:1  | Found a burning altar of Makhleb.
 34328 | Abyss:1  | Gained mutation: You occasionally shout uncontrollably at
                  | your foes. [a neqoxec]
 34354 | Abyss:1  | Found a corrupted altar of Lugonu.
 34825 | Abyss:1  | Noticed a bone dragon
 34830 | Abyss:1  | Killed a bone dragon
 34867 | Abyss:1  | Noticed a bone dragon
 35275 | Abyss:3  | Noticed an ancient lich
 35339 | Abyss:3  | Found a corrupted altar of Lugonu.
 35351 | Abyss:3  | Found a corrupted altar of Lugonu.
 36011 | Abyss:4  | Found a glowing golden altar of the Shining One.
 36044 | Abyss:4  | Noticed a juggernaut
 36049 | Abyss:4  | Killed a juggernaut
 36054 | Abyss:4  | Reached XP level 22. HP: 133/152 MP: 0/0
 36054 | Abyss:4  | Reached XP level 23. HP: 138/157 MP: 0/0
 36054 | Abyss:4  | Learned a level 8 spell: Infestation
 36054 | Abyss:4  | Got an abyssal rune of Zot
 36068 | Depths:2 | Escaped the Abyss
 36985 | Elf:3    | Identified the amulet "Lyifoed" {Will+ Regen+ rCorr MP+9
                  | Dex+2}
 37013 | Elf:3    | Reached skill level 15 in Dodging
 37075 | Elf:3    | Reached skill level 1 in Invocations
 37269 | Elf:3    | Identified the ring of the Morning {Ice Str+3 Dex+7}
 37270 | Elf:3    | Cast into level 3 of the Abyss (a deep elf sorcerer)
 37850 | Abyss:3  | Noticed a profane servitor
 37858 | Abyss:3  | Killed a profane servitor
 37892 | Elf:3    | Escaped the Abyss
 38086 | Elf:3    | Acquired a manual of Dodging
 38192 | Elf:3    | Reached XP level 24. HP: 164/164 MP: 0/0
 38585 | Zig:1    | Entered Level 1 of a ziggurat
 38585 | Zig:1    | Noticed Uquumez the pandemonium lord
 38592 | Zig:1    | Killed Uquumez the pandemonium lord
 38609 | Zig:2    | Entered Level 2 of a ziggurat
 38664 | Zig:3    | Entered Level 3 of a ziggurat
 38674 | Zig:3    | Reached XP level 25. HP: 93/170 MP: 0/0
 38674 | Zig:3    | Learned a level 9 spell: Death's Door
 38735 | Zig:4    | Entered Level 4 of a ziggurat
 38739 | Zig:4    | Paralysed by a floating eye for 4 turns
 38749 | Zig:4    | Reached skill level 19 in Spellcasting
 38780 | Zig:5    | Entered Level 5 of a ziggurat
 38804 | Zig:5    | Found the amulet of the Four Winds {rN+ Will+++ Clar}
 38818 | Zig:5    | Identified the ring "Vaf Uloe" {Ice Drain Int+3 Dex+4}
 38833 | Zig:6    | Entered Level 6 of a ziggurat
 38855 | Zig:6    | Identified the +0 scale mail of Indomitability {Dex+3}
 38882 | Zig:7    | Entered Level 7 of a ziggurat
 38895 | Zig:7    | Noticed a Killer Klown
 38896 | Zig:7    | Noticed a Killer Klown
 38896 | Zig:7    | Noticed a Killer Klown
 38896 | Zig:7    | Found the +8 frozen axe "Frostbite" {freezing cloud, *Noise
                  | Fly rC+}
 38904 | Zig:7    | Killed a Killer Klown
 38905 | Zig:7    | Reached skill level 5 in Invocations
 38906 | Zig:7    | Killed a Killer Klown
 38908 | Zig:7    | Killed a Killer Klown
 38915 | Zig:7    | Identified the +4 ring mail "Maumonk" {*Slow +Inv rC-
                  | Will++}
 38946 | Zig:8    | Entered Level 8 of a ziggurat
 38976 | Zig:8    | HP: 4/171 [white draconian stormcaller (40)]
 38996 | Zig:8    | Identified the ring of Honuix {rC+ rCorr Dex+2}
 39049 | Zig:9    | Entered Level 9 of a ziggurat
 39062 | Zig:9    | Paralysed by accursed screaming for 1 turns
 39124 | Zig:9    | Identified the +1 hat "Raroz" {Harm Str+4}
 39132 | Zig:9    | Acquired a manual of Fighting
 39134 | Zig:9    | Identified the +4 ring mail of Foyxou {rElec rC+}
 39194 | Hell     | Entered the Vestibule of Hell
 39194 | Hell     | Noticed Geryon
 39366 | Hell     | Killed Geryon
 39556 | Hell     | Found a gateway to the Iron City of Dis.
 39677 | Dis:1    | Entered Level 1 of the Iron City of Dis
 39844 | Dis:2    | Noticed a caustic shrike
 39844 | Dis:2    | Noticed a caustic shrike
 39844 | Dis:2    | Noticed a caustic shrike
 39848 | Dis:2    | Killed a caustic shrike
 39850 | Dis:2    | Killed a caustic shrike
 39851 | Dis:2    | Killed a caustic shrike
 39867 | Dis:2    | You are sucked into a shaft and drop 2 floors!
 39923 | Dis:3    | Noticed a dread lich
 39926 | Dis:3    | Killed a dread lich
 40069 | Dis:4    | Noticed a caustic shrike
 40073 | Dis:4    | Noticed a caustic shrike
 40075 | Dis:4    | Killed a caustic shrike
 40075 | Dis:4    | Noticed a caustic shrike
 40077 | Dis:4    | Killed a caustic shrike
 40078 | Dis:4    | Killed a caustic shrike
 40154 | Hell     | Reached XP level 26. HP: 88/177 MP: 0/0
 40322 | Hell     | Found a gateway to the decaying netherworld of Tartarus.
 40374 | Hell     | Paralysed by a wendigo for 1 turns
 40379 | Hell     | Found a gateway to the freezing wastes of Cocytus.
 40562 | Hell     | Found a gateway to the ashen valley of Gehenna.
 41594 | Dis:6    | Lost strength.
 41960 | Snake:1  | Entered Level 1 of the Snake Pit
 42046 | Snake:2  | Reached skill level 20 in Spellcasting
 42317 | Snake:2  | Found Enufris's Book Boutique.
 42318 | Snake:2  | Found Abime's Jewellery Shoppe.
 42319 | Snake:2  | Found Esemm's Book Boutique.
 42718 | Snake:4  | Entered Level 4 of the Snake Pit
 42718 | Snake:4  | Noticed Mlioglotl
 42723 | Snake:4  | Killed Mlioglotl
 42749 | Snake:4  | Noticed Aizul
 42756 | Snake:4  | Killed Aizul
 42889 | Snake:4  | Noticed Vashnia
 42905 | Snake:4  | Killed Vashnia
 43150 | Snake:4  | Noticed Nikola
 43153 | Snake:4  | Killed Nikola
 43154 | Snake:4  | Reached skill level 15 in Shields
 43221 | Snake:4  | Identified the +3 hand crossbow "Biass" {freeze, Fragile
                  | rPois Str+3 Stlth+}
 43310 | Snake:4  | Got a serpentine rune of Zot
 43590 | Shoals:1 | Entered Level 1 of the Shoals
 43590 | Shoals:1 | Found Duinofo's General Store.
 43604 | Shoals:1 | Bought a potion of heal wounds for 80 gold pieces
 43604 | Shoals:1 | Bought a scroll of teleportation for 48 gold pieces
 43604 | Shoals:1 | Bought a scroll of fog for 32 gold pieces
 43842 | Shoals:4 | Entered Level 4 of the Shoals
 43883 | Shoals:4 | Reached XP level 27. HP: 121/181 MP: 0/0
 43883 | Shoals:4 | Learned a level 9 spell: Polar Vortex
 43895 | Shoals:4 | Acquired 1141 gold pieces
 44042 | Shoals:4 | Got a barnacled rune of Zot
 44560 | Zot:1    | Entered Level 1 of the Realm of Zot
 44662 | Zot:2    | Reached skill level 21 in Spellcasting
 44720 | Zot:3    | Noticed an orb of fire
 44727 | Zot:3    | Killed an orb of fire
 44815 | Zot:3    | Noticed a Killer Klown
 45308 | Zot:5    | Entered Level 5 of the Realm of Zot
 45673 | Zot:5    | Noticed an orb of fire
 45677 | Zot:5    | Killed an orb of fire
 45919 | Zot:5    | Noticed an orb of fire
 45919 | Zot:5    | Noticed an orb of fire
 45922 | Zot:5    | Gained mutation: You do not regenerate when monsters are
                  | visible. [an orb of fire]
 45925 | Zot:5    | Killed an orb of fire
 46085 | Zot:5    | Reached skill level 22 in Spellcasting
 46086 | Zot:5    | Noticed an ancient lich
 46091 | Zot:5    | Lost mutation: You do not regenerate when monsters are
                  | visible. [potion of mutation]
 46091 | Zot:5    | Lost mutation: You occasionally shout uncontrollably at
                  | your foes. [potion of mutation]
 46091 | Zot:5    | Gained mutation: You have sharp fingernails. [potion of
                  | mutation]
 46091 | Zot:5    | Gained mutation: Your muscles are strong. (Str +2) [potion
                  | of mutation]
 46092 | Zot:5    | Killed an ancient lich
 46130 | Zot:5    | Identified the ring of Caggohud {Fire rElec Will- rCorr
                  | Str+4}
 46148 | Zot:5    | Noticed a dread lich
 46155 | Zot:5    | Killed a dread lich
 46158 | Zot:5    | Killed an orb of fire
 46160 | Zot:5    | Noticed an orb of fire
 46166 | Zot:5    | Killed an orb of fire
 46169 | Zot:5    | Noticed a dread lich
 46169 | Zot:5    | Killed a dread lich
 46170 | Zot:5    | Noticed a Killer Klown
 46170 | Zot:5    | Noticed an ancient lich
 46176 | Zot:5    | Killed an ancient lich
 46186 | Zot:5    | Noticed an orb of fire
 46192 | Zot:5    | Gained mutation: Your body sometimes deteriorates upon
                  | taking damage. [an orb of fire]
 46198 | Zot:5    | Killed from afar by an orb of fire

Illustrated notes

Levels and vault maps discovered:
D:1:      lemuel_arrival_river_passageway, layout_basic,
          hangedman_decor_peaks_small, nrook_loot_triangle
D:2:      minmay_chambers_of_twos, layout_basic, basic_altar,
          shapermc_ecumenical_altar_mp_highgroup, minmay_misc_feat_diagonals,
          kennysheep_generic_room_7
D:3:      layout_basic, overflow_temple_1_default, nicolae_ashenzari_panopticon,
          guppyfry_early_orc_mine, uniq_robin
D:4:      minmay_spotlight, layout_basic, mainiacjoe_overflow_brackets
D:5:      layout_loops_ring, elyvilon_altar_3, serial_shops,
          nicolae_shop_waterfront, nicolae_shop_overgrown_old_shop,
          nicolae_shop_behind_doors, nicolae_shop_hallway_plus, uniq_grinder
D:6:      layout_rooms, general_overflow_altar, portal_sewer_entry_e
D:7:      layout_cave_pools, lemuel_blue_sif_altar, minmay_temple_entry_slanted,
          chequers_arboretum, corexii_leaking_fountain, grunt_ministairs_13,
          amethyst_killhole, uniq_crazy_yiuf_cottage, uniq_harold
D:8:      layout_basic, hangedman_ru_absence, enter_bailey_5,
          chequers_serial_rivers_large_a, uniq_maggie, uniq_psyche, uniq_joseph,
          uniq_maurice
D:9:      layout_loops_ring, cheibrodos_worm_habitat, amcnicky_altar_gilded,
          erik_orc_1
D:10:     layout_cave_pods, kennysheep_generic_room_14, uniq_grum, uniq_snorg
D:11:     layout_stronghold
D:12:     layout_roguey, serial_shops, bzr_entry_water, shop, shop, shop,
          uniq_nessos
D:13:     layout_cave_pods, portal_ice_cave_entry_ice_simulacra
D:14:     doesnt_quadruple_sword, layout_rooms, david_vaults_1,
          serial_park_tiny_pond, uniq_azrael, uniq_kirke, uniq_agnes
D:15:     grunt_enter_depths_magical_seal, layout_gridville,
          fedhas_altar_fruit_tree
Lair:1:   layout_regular_city, grunt_megastairs_4
Lair:2:   layout_misc_corridors
Lair:3:   layout_regular_city, minmay_shoals_entry_beasts,
          guppyfry_snake_entry_garden, st_stairs_8, beast_lair_carwin_5
Lair:4:   layout_regular_city
Lair:5:   layout_gridlike, uniq_josephine, uniq_sonja
Lair:6:   cheibrodos_lair_end_hotspot, layout_small_grid,
          nicolae_slime_entry_slimehenge, nicolae_volcano_entry_batcave,
          infiniplex_staircase_pool_2
Shoals:1: layout_shoals, serial_shops, nicolae_square_shop, uniq_donald
Shoals:2: layout_shoals, nicolae_splish_splash, uniq_roxanne
Shoals:3: layout_shoals, uniq_ilsuiw
Shoals:4: shoals_end_hellmonk_lost_city
Snake:1:  layout_misc_corridors
Snake:2:  layout_honeycomb, minmay_shop_grove
Snake:3:  layout_basic, serial_shops, nicolae_shop_statue_plus
Snake:4:  snake_pit_salamanders_mu, layout_onion_interference,
          lemuel_fruit_tree, uniq_vashnia, uniq_aizul, uniq_nikola,
          uniq_mlioglotl
Orc:1:    layout_caves
Orc:2:    grunt_orc_gardens, layout_diamond_mine, grunt_orc_garden,
          grunt_orc_garden, grunt_orc_garden, grunt_orc_garden, serial_shops,
          nicolae_shop_trees
Elf:1:    nicolae_elf_arrival_fired_up, layout_onion_city, serial_shops,
          nicolae_shop_statue_plus, nicolae_lakefront_shop, shop
Elf:2:    nicolae_elf_blades_crystal_corner, layout_geoelf_grid
Elf:3:    elf_hall, layout_gridlike, basic_altar, grunt_megastairs_5
Depths:1: layout_roguey, chequers_serial_rivers_room_a, rand_demon_pan_entry_1,
          hell_entry, eat_drink_and_be_merry_uskayaw, grunt_megastairs_3
Depths:2: evilmike_marble_ring, layout_cave_pools, enter_ziggurat_a,
          grunt_hell_entry_dis_old, serial_shops, kennysheep_mini, pan_entry,
          minmay_room_of_horrors, infiniplex_staircase_pillars_1,
          uniq_saint_roka, uniq_enchantress
Depths:3: minmay_concentric_multi, layout_honeycomb,
          nicolae_abyss_entry_one_way_or_another, kennysheep_pointless_box,
          grunt_hell_horde, grunt_ministairs_10, minmay_misc_feat_rugged,
          minmay_staircase_windowed_small, uniq_frederick
Depths:4: hangedman_slaughterboxes, hell_entry, pan_entry
Hell
Dis:1:    layout_subdivisions
Dis:2:    layout_subdivisions
Dis:3:    layout_regular_city, nicolae_hells_hurtin_island
Dis:4:    layout_gridville, nicolae_hells_seeping_fissure
Dis:5:    layout_gridville, lemuel_mystery_crypt
Dis:6:    layout_subdivisions
Zot:1:    layout_gridlike
Zot:2:    layout_misc_corridors, gammafunk_ghost_arena, not_door_vault_due
Zot:3:    layout_onion_interference
Zot:4:    layout_onion
Zot:5:    layout_misc_corridors, nicolae_lava_and_water

Skill      XL: |  1  2  3  4  5  6  7  8  9 10 11 12 13 14 15 16 17 18 19 20 21 22 23 24 25 26 27 |
---------------+----------------------------------------------------------------------------------+-----
Fighting       | 1 2 3 4 5 6 8 9 10 11 12 13 14 15 16 17 18 19 20 | 20.0
Spellcasting   | 4 5 6 7 8 9 11 12 13 14 15 16 17 18 19 20 22 | 22.6
Dodging        | 3 5 7 8 10 11 13 14 15 16 19 | 19.6
Shields        | 4 6 8 9 10 11 13 15 18 | 18.0
Stealth        | 2 5 6 8 9 11 13 16 | 16.6
Armour         | 3 |  3.0
Invocations    | 3 4 5 |  5.6

Action                   |  1- 3 |  4- 6 |  7- 9 | 10-12 | 13-15 | 16-18 | 19-21 | 22-24 | 25-27 || total
-------------------------+-------+-------+-------+-------+-------+-------+-------+-------+-------++-------
Melee: Unarmed           |     5 |       |       |       |       |       |       |       |       ||     5
       Falchion          |       |    35 |    21 |    39 |       |       |       |       |       ||    95
       Whip              |       |       |       |    27 |     1 |       |       |       |       ||    28
       Staff             |       |       |       |       |    19 |     6 |    39 |     3 |     7 ||    74
 Cast: Summon Small Mamm |    60 |    13 |       |       |       |       |       |       |       ||    73
       Call Imp          |     6 |    12 |     3 |     8 |       |       |       |       |       ||    29
       Call Canine Famil |     1 |    15 |     9 |    19 |     5 |       |       |       |       ||    49
       Summon Guardian G |       |    12 |    11 |    43 |    13 |    13 |     7 |       |       ||    99
       Summon Lightning  |       |     1 |    12 |    53 |    20 |    14 |     4 |       |       ||   104
       Scorch            |       |       |     8 |    53 |    34 |     3 |       |       |       ||    98
       Ozocubu's Armour  |       |       |     1 |       |     3 |     2 |       |       |       ||     6
       Borgnjor's Vile C |       |       |       |       |   322 |   222 |   204 |    50 |   185 ||   983
       Summon Cactus Gia |       |       |       |       |     6 |    18 |     8 |       |       ||    32
       Iron Shot         |       |       |       |       |       |    89 |   266 |    67 |   299 ||   721
       Monstrous Menager |       |       |       |       |       |       |    11 |     9 |    32 ||    52
       Infestation       |       |       |       |       |       |       |       |    41 |    93 ||   134
       Polar Vortex      |       |       |       |       |       |       |       |       |    18 ||    18
Invok: Recall Ancestor   |       |     2 |     1 |     2 |     2 |     1 |     6 |     2 |    13 ||    29
       Ancestor Identity |       |     1 |       |       |       |       |       |       |       ||     1
       Ancestor Life: Kn |       |       |     1 |       |       |       |       |       |       ||     1
Evoke: Wand              |       |       |       |    10 |       |       |       |       |       ||    10
  Use: Scroll            |       |       |       |     5 |    20 |     2 |     6 |    10 |    20 ||    63
       Potion            |       |       |       |       |       |       |    13 |     4 |    24 ||    41
 Stab: Sleeping          |       |     2 |     1 |       |       |       |       |       |       ||     3
       Distracted        |       |       |       |       |       |       |     2 |       |       ||     2
Armor: Robe              |    10 |     6 |    12 |     7 |       |       |       |       |       ||    35
       Acid dragon scale |       |       |       |     8 |       |       |       |       |       ||     8
       Troll leather arm |       |       |       |    17 |    27 |    12 |    48 |     8 |    37 ||   149
Dodge: Dodged            |    26 |    29 |    26 |    39 |    60 |    32 |    87 |    37 |   239 ||   575
Block: Kite shield       |       |       |       |    69 |    88 |    43 |    83 |    44 |   223 ||   550
       Reflection        |       |       |       |     5 |       |       |       |       |       ||     5
